 Dungeon Crawl Stone Soup version 0.28.0-45-g0d030f2227 (webtiles) character file.

Game seed: 17307335665861974829

663 Kziril the Skirmisher (level 7, -8/47 HPs)
             Began as a Gargoyle Fighter on Apr 21, 2022.
             Mangled by an orc warrior
             ... wielding a +0 battleaxe
              (17 damage)
             ... on level 4 of the Dungeon.
             The game lasted 00:07:41 (4760 turns).

Kziril the Skirmisher (Gargoyle Fighter)            Turns: 4760, Time: 00:07:42

Health: -8/47      AC: 15    Str: 20    XL:     7   Next: 56%
Magic:  7/7        EV: 11    Int:  8    God:
Gold:   203        SH:  5    Dex: 11    Spells: 6/6 levels left

rFire   . . .      SeeInvis .   a - +0 flail
rCold   . . .      Faith    .   c - +0 buckler
rNeg    + + .      Spirit   .   j - +0 chain mail
rPois   ∞          Reflect  .   (no helmet)
rElec   +          Harm     .   (no cloak)
rCorr   .          Rampage  .   u - +0 pair of gloves
Will    .....                   (no boots)
Stlth   ..........              k - amulet of the acrobat
HPRegen 0.15/turn               i - +4 ring of evasion
MPRegen 0.10/turn               m - ring of positive energy

@: no status effects
A: sickness immunity, AC +4, negative energy resistance 1, electricity
resistance, torment resistance 1, petrification resistance
a: no special abilities


You were on level 4 of the Dungeon.
You visited 1 branch of the dungeon, and saw 5 of its levels.

You collected 203 gold pieces.

Inventory:

Hand Weapons
 a - a +0 flail (weapon)
Armour
 c - a +0 buckler (worn)
 j - a +0 chain mail (worn)
 u - a +0 pair of gloves (worn)
Jewellery
 i - a +4 ring of evasion (left hand)
 k - an amulet of the acrobat (around neck)
 m - a ring of positive energy (right hand)
Scrolls
 e - a scroll of blinking {unknown}
 g - 4 scrolls of identify {unknown}
 o - 2 scrolls of noise {unknown}
 r - a scroll of holy word {unknown}
 s - a scroll of fog {unknown}
 t - a scroll of fear {unknown}
Potions
 b - a potion of brilliance {unknown}
 d - a potion of might
 f - a potion of haste {unknown}
 h - a potion of degeneration {unknown}
 l - a potion of berserk rage {unknown}
 n - a potion of mutation {unknown}
 p - a potion of curing {unknown}
 q - 2 potions of flight {unknown}


   Skills:
 * Level 6.4 Fighting
 + Level 4.0 Maces & Flails
 + Level 5.1 Armour
 + Level 5.1 Shields


You had 6 spell levels left.
You didn't know any spells.
Your spell library contained the following spells:

 Spells                   Type           Power      Damage    Failure   Level
 Blink                    Tloc           0%         N/A       100%        2
 Dazzling Flash           Conj/Hex       0%         N/A       100%        3
 Lesser Beckoning         Tloc           0%         N/A       100%        3
 Agony                    Necr           0%         N/A       100%        5
 Manifold Assault         Tloc           0%         N/A       100%        5
 Silence                  Hex/Air        0%         N/A       100%        5


Dungeon Overview and Level Annotations

Branches:
Dungeon (5/15)
 Temple: D:4-7

Altars:

Shops:
D:2 [

Annotations:
D:5 1 runed translucent door


Innate Abilities, Weirdness & Mutations

You are immune to sickness and miasma.
Your stone body is resilient. (AC +4)
You are immune to poison.
You resist negative energy. (rN+)
You are resistant to electric shocks. (rElec)
You are resistant to unholy torment.
You are immune to petrification.


Message History

Grinder is almost dead.
Grinder gestures at you.
You struggle to resist.
You sock Grinder!
You kill Grinder!
Your Fighting skill increases to level 6!
Your Maces & Flails skill increases to level 4!
Your Armour skill increases to level 5!
Your Shields skill increases to level 5!
You start resting.
HP restored.
An orc warrior comes into view. It is wielding a +0 battleaxe.
The orc warrior shouts!
The orc warrior hits you with a +0 battleaxe!
You barely miss the orc warrior. The orc warrior completely misses you.
You closely miss the orc warrior.
The orc warrior hits you with a +0 battleaxe!
You barely miss the orc warrior.
The orc warrior hits you with a +0 battleaxe!
You barely miss the orc warrior.
The orc warrior hits you with a +0 battleaxe!
* * * LOW HITPOINT WARNING * * *
You block the orc warrior's attack.
You hit the orc warrior but do no damage.
The orc warrior hits you with a +0 battleaxe.
* * * LOW HITPOINT WARNING * * *
You hit the orc warrior.
The orc warrior is lightly wounded.
You block the orc warrior's attack.
You hit the orc warrior but do no damage.
The orc warrior is lightly wounded.
You block the orc warrior's attack.
You hit the orc warrior but do no damage.
The orc warrior is lightly wounded.
The orc warrior hits you but does no damage.
The orc warrior barely misses you.
You completely miss the orc warrior.
The orc warrior is lightly wounded.
The orc warrior hits you with a +0 battleaxe!
You die...

#.#............#.#
#.#######.....#.#.
#.# ........#.#
#.# ###########.#.
#.# #. .# ..#.#
#.# #.##.### ##.#.
#.# ......# #.#.#
#.# ..... ##.#.
#@# ###..### #.#.#
#o# #..<...# ##.#.
#.# #.##.#.# #....
#.# # .# ##... #.#
## #... #.# #...
#.# #... #.. #...
$#.# .#.#


You could see an orc warrior.

Vanquished Creatures
  Grinder (D:4)
  A water moccasin (D:4)
  A water moccasin skeleton (D:3)
  A jelly (D:4)
  An orc priest (D:2)
  An orc wizard (D:2)
  3 iguanas (D:4)
  3 adders (D:2)
  2 worms
  3 dart slugs
  10 orcs
  9 bats
  2 endoplasms
  6 giant cockroaches
  8 goblins
  8 hobgoblins
  6 jackals
  A quokka (D:2)
  10 ball pythons
  5 frilled lizards
  4 kobolds
  5 rats
91 creatures vanquished.

Notes
Turn   | Place    | Note
-------+----------+-------------------------------------------
     0 | D:1      | Kziril the Gargoyle Fighter began the quest for the Orb.
     0 | D:1      | Reached XP level 1. HP: 14/14 MP: 1/1
   364 | D:1      | Reached XP level 2. HP: 19/19 MP: 2/2
   852 | D:1      | Reached XP level 3. HP: 24/24 MP: 3/3
  1052 | D:1      | Found a faded altar of an unknown god.
  1729 | D:2      | Reached skill level 4 in Fighting
  1922 | D:2      | Reached XP level 4. HP: 25/29 MP: 4/4
  2094 | D:2      | Reached XP level 5. HP: 26/34 MP: 5/5
  2369 | D:2      | Found Seovoqer's Armour Boutique.
  2990 | D:3      | Reached skill level 5 in Fighting
  3273 | D:3      | Reached XP level 6. HP: 40/40 MP: 6/6
  4047 | D:5      | Entered Level 5 of the Dungeon
  4047 | D:5      | Found a runed translucent door.
  4546 | D:4      | Noticed Grinder
  4546 | D:4      | Noticed a water moccasin
  4587 | D:4      | Killed a water moccasin
  4588 | D:4      | Reached XP level 7. HP: 33/45 MP: 7/7
  4594 | D:4      | Paralysed by Grinder for 6 turns
  4604 | D:4      | Paralysed by Grinder for 2 turns
  4618 | D:4      | Paralysed by Grinder for 4 turns
  4624 | D:4      | Killed Grinder
  4625 | D:4      | Reached skill level 6 in Fighting
  4625 | D:4      | Reached skill level 5 in Armour
  4625 | D:4      | Reached skill level 5 in Shields
  4760 | D:4      | Mangled by an orc warrior

Illustrated notes

Levels and vault maps discovered:
D:1:      minmay_arrival_checkered_box, layout_basic,
          shapermc_ecumenical_altar_mp_vishouse
D:2:      layout_basic, serial_shops, shop, minmay_mini_jars
D:3:      layout_loops_ring, serial_park_tiny_pond
D:4:      layout_basic, grunt_decor_junction, hangedman_decor_opposing,
          st_stairs_13, uniq_grinder
D:5:      layout_basic, serial_shops, nicolae_shop_competitors_out_of_business,
          ebering_ghost_sewer_d

Skill      XL: |  1  2  3  4  5  6  7 |
---------------+----------------------+-----
Fighting       | 4 5 6 |  6.4
Armour         | 4 5 |  5.1
Shields        | 4 5 |  5.1
Maces & Flails | 3 4 |  4.0

Action                   |  1- 3 |  4- 6 |  7- 9 || total
-------------------------+-------+-------+-------++-------
Melee: Flail             |   123 |   228 |    23 ||   374
Armor: Scale mail        |    32 |       |       ||    32
       Chain mail        |    67 |    87 |     6 ||   160
Dodge: Dodged            |    96 |   129 |     8 ||   233
Block: Buckler           |    41 |    57 |     7 ||   105
